Map: Proxima Station LE

Players

Juxtapose - Winner!

  • Race: Terran Terran
  • Spawn Location: 1:00

A.I. 1 (Harder)

  • Race: Zerg Zerg
  • Spawn Location: 7:00

VOD

https://youtu.be/JO72sNKMld0

Description

Since I've mostly been playing Single Player games this last while, I haven't played Multiplayer or simulated Multiplayer StarCraft II: Legacy of the Void in about 9 weeks.

And it shows.

I'm new to the Multiplayer game in general, but am I ever playing poorly making so very many mistakes.

Time

  • Played on: May 2, 2017, 8:59 p.m.
  • Length: 13:09
Show
View Real Time Build Order
Export as new Build Order

Juxtapose Terran - Winner!

Build Orders:  

Get SALT Encoding   

  12  0:01  SCV  
  13  0:14  SCV  
  14  0:24  Supply Depot  
  14  0:26  SCV  
  15  0:45  SCV  
  15  0:49  Barracks  
  16  0:57  SCV  
  16  1:02  Supply Depot  
  17  1:10  SCV  
  18  1:12  Refinery  
  18  1:15  Refinery  
  18  1:22  SCV  
  19  1:34  SCV  
  20  1:46  SCV  
  21  1:49  Supply Depot  
  21  1:58  Reaper  
  21  1:59  SCV  
  23  2:11  SCV  
  23  2:26  Orbital Command  
  23  2:32  Factory  
  23  2:34  Barracks Reactor  
  23  2:52  Command Center  
  23  3:12  Marine x2  
  25  3:28  Factory Tech Lab  
  24  3:47  Siege Tank  
  27  3:57  Starport  
  27  4:10  Orbital Command  
  27  4:19  Siege Tank  
  30  4:37  Supply Depot  
  30  4:39  SCV  
  30  4:44  Refinery  
  31  4:47  Starport Tech Lab  
  31  4:51  SCV, Siege Tank  
  35  5:03  SCV  
  35  5:05  Liberator  
  36  5:09  Refinery  
  36  5:15  SCV  
  36  5:17  Marine, Supply Depot  
  36  5:18  Marine  
  39  5:23  Siege Tank  
  39  5:28  SCV  
  46  5:40  SCV  
  46  5:41  Barracks  
  47  5:48  Liberator  
  47  5:52  Marine x2, SCV  
  53  6:20  SCV  
  54  6:26  Marine x2  
  56  6:33  SCV  
  57  6:44  Supply Depot  
  57  6:45  SCV  
  58  6:48  Medivac  
  60  6:56  Barracks Reactor  
  60  6:57  SCV  
  60  6:59  Barracks Tech Lab  
  61  7:09  SCV  
  61  7:14  Engineering Bay  
  62  7:18  Marine x2, Medivac  
  62  7:20  Stimpack  
  62  7:21  SCV  
  67  7:38  Marauder  
  67  7:41  Armory  
  69  7:48  Medivac  
  71  7:59  Marauder  
  73  8:15  Marine x2  
  75  8:21  Marauder  
  77  8:40  Marine  
  78  9:14  Marine x2  
  66  9:21  Combat Shields  
  56  9:31  Marine  
  56  9:32  Marine x2  
  56  9:35  Siege Tank  
  56  9:37  Medivac  
  64  9:49  Marine x3  
  64  9:50  Liberator  
  67  10:07  Marine, Siege Tank  
  67  10:09  Marine x2  
  75  10:25  Marine  
  76  10:39  Concussive Shells  
  76  10:43  Marine  
  76  10:49  Terran Infantry Weapons Level 1  
  77  10:51  Unknown, Terran Vehicle Weapons Level 1  
  77  11:01  Marine  
  77  11:10  Liberator  
  76  11:18  Marine  
  77  11:46  Marine  
  78  11:52  Command Center  
  78  11:53  Supply Depot  
  78  11:58  Liberator  
  78  12:01  Marine  
  78  12:04  Unknown  
  78  12:05  Unknown  
  77  12:10  Unknown  
  80  12:19  Marine  
Show
View Real Time Build Order
Export as new Build Order

A.I. 1 (Harder) Zerg 

Build Orders: Pool First, Zergling Baneling 

Get SALT Encoding   

  12  0:01  Drone  
  13  0:12  Overlord  
  13  0:17  Drone  
  14  0:31  Drone x2  
  16  0:43  Spawning Pool  
  16  0:45  Drone  
  16  0:48  Drone  
  17  0:52  Extractor  
  17  0:56  Drone  
  17  1:06  Overlord  
  17  1:29  Queen  
  17  1:31  Zergling x2  
  20  1:34  Zergling x2  
  20  1:36  Roach Warren  
  20  1:38  Drone  
  21  1:43  Extractor  
  20  1:49  Drone  
  21  1:55  Baneling Nest  
  21  2:00  Drone  
  21  2:11  Drone  
  22  2:21  Zergling x2  
  23  2:32  Drone  
  23  2:36  Zergling x2, Overlord  
  25  2:39  Zergling x2  
  25  2:42  Baneling x4  
  25  2:44  Zergling x2  
  27  2:54  Drone  
  28  2:59  Baneling  
  29  3:05  Zergling x2  
  29  3:06  Metabolic Boost  
  29  3:08  Baneling, Zergling x2  
  29  3:11  Zergling x2  
  31  3:14  Zergling x2  
  32  3:20  Overlord  
  32  3:28  Zergling x2  
  33  3:36  Baneling x2  
  33  3:39  Zergling x2  
  33  3:42  Zergling x2  
  33  3:45  Zergling x2  
  35  3:50  Zergling x2  
  35  3:53  Baneling x3  
  36  4:01  Zergling x2  
  37  4:04  Baneling  
  37  4:08  Baneling  
  37  4:10  Baneling  
  37  4:12  Zergling x2  
  37  4:14  Overlord  
  37  4:15  Zergling x2  
  39  4:17  Zergling x2  
  40  4:25  Drone  
  41  4:32  Evolution Chamber  
  41  4:36  Drone  
  41  4:43  Drone x2  
  41  4:44  Drone  
  44  4:48  Drone  
  45  4:59  Drone  
  46  5:42  Roach, Zerg Melee Weapons Level 1, Overlord  
  48  5:47  Lair, Roach  
  50  5:50  Hatchery  
  50  5:53  Roach  
  49  6:25  Zergling x2  
  41  6:46  Centrifical Hooks  
  41  6:47  Hydralisk Den, Zergling x2  
  41  6:48  Drone  
  41  6:51  Infestation Pit  
  41  6:52  Drone  
  42  6:58  Zergling x2  
  43  7:02  Burrow  
  43  7:03  Zergling x2  
  43  7:04  Drone  
  43  7:07  Drone  
  43  7:08  Drone  
  47  7:09  Drone x2  
  47  7:13  Drone  
  50  7:18  Drone  
  50  7:21  Hydralisk  
  50  7:22  Drone x2  
  55  7:25  Drone  
  56  7:30  Drone  
  56  7:34  Overlord  
  56  7:36  Zerg Missile Weapons Level 1  
  57  7:40  Hydralisk  
  59  7:45  Drone  
  60  7:51  Drone  
  60  7:53  Infestor  
  60  7:54  Drone  
  60  7:55  Overlord  
  60  7:57  Drone  
  65  8:03  Drone  
  66  8:06  Drone  
  67  8:14  Roach  
  67  8:19  Extractor, Overlord  
  68  8:24  Hydralisk  
  70  8:30  Hydralisk, Extractor  
  70  8:31  Drone  
  70  8:32  Spore Crawler  
  70  8:33  Drone  
  72  8:36  Infestor  
  72  8:37  Spore Crawler  
  72  8:38  Drone  
  74  8:41  Spore Crawler  
  74  8:46  Drone  
  74  8:47  Spore Crawler  
  73  8:49  Drone  
  73  8:50  Overseer  
  73  8:54  Overseer, Queen  
  76  8:57  Infestor, Overlord  
  76  8:59  Drone  
  76  9:01  Drone  
  79  9:03  Drone  
  79  9:09  Drone  
  79  9:10  Drone, Spine Crawler  
  66  9:19  Hydralisk  
  59  9:25  Zergling x2  
  59  9:30  Zerg Ground Armor Level 1  
  56  9:31  Hydralisk, Roach  
  56  9:37  Zergling x2  
  57  9:42  Zergling x2  
  56  9:48  Roach  
  57  9:54  Roach  
  57  9:59  Hydralisk  
  56  10:01  Overseer, Evolution Chamber, Pneumatized Carapace  
  56  10:03  Drone  
  56  10:04  Drone  
  50  10:07  Zergling x2  
  50  10:09  Drone  
  50  10:12  Drone  
  50  10:14  Infestor  
  49  10:16  Overseer  
  49  10:21  Drone x7, Zergling x2  
  46  10:24  Drone  
  38  10:28  Drone  
  38  10:29  Drone, Roach  
  38  10:31  Drone x3  
  38  10:33  Drone x3  
  38  10:35  Drone x2  
  35  10:40  Roach  
  30  10:47  Roach  
  31  10:51  Drone  
  31  10:54  Hydralisk  
  31  10:56  Drone  
  27  11:01  Drone  
  27  11:03  Drone  
  29  11:06  Overseer, Roach  
  29  11:09  Hydralisk Den  
  20  11:26  Drone x2  
  20  11:27  Roach  
  17  11:40  Drone  
  15  11:47  Drone  
  15  11:53  Drone  
  17  11:55  Drone  
  17  11:58  Drone  
  8  12:09  Drone  
  7  12:32  Drone  
  7  12:41  Drone  
  8  12:45  Drone  
  8  12:46  Drone  
  8  12:49  Spawning Pool  
Tags
 
Add a new tag
Caveats
  • Supply blocks, unpowered buildings, or Contaminate may cause inaccurate times.
  • Supply counts are checked every 10 seconds.